 Dungeon Crawl Stone Soup version 0.31-a0-261-g072fdb8a1f (webtiles) character file.

Game seed: 6439304590187804613

1801 senseless the Trooper (level 8, -5/71 HPs)
             Began as a White Draconian Shapeshifter on July 13, 2023.
             Was an Initiate of Wu Jian.
             Slain by a gargoyle
             ... wielding a +0 mace
              (15 damage)
             ... on level 6 of the Dungeon on July 14, 2023.
             The game lasted 00:12:35 (5092 turns).

senseless the Trooper (DrSh)                        Turns: 5092, Time: 00:12:37

Health: -5/71      AC:  6    Str: 17    XL:     8   Next: 83%
Magic:  17/17      EV: 14    Int:  9    God:    Wu Jian [......]
Gold:   356        SH:  5    Dex: 14    Spells: 7/7 levels left

rFire   . .          .
                       - Unarmed
rCold   + . .        (no shield)
rNeg    . . .        (body armour unavailable)
rPois   .            (helmet currently unavailable)
rElec   .            (cloak currently unavailable)
rCorr   .            (gloves currently unavailable)
SInv    .            (boots currently unavailable)
Will    ++...        e - amulet of reflection
Stlth   +            r - ring of magical power
HPRegen 0.31/turn    (no ring)
MPRegen 0.15/turn

%: reflection
@: short of breath, beast-form
A: beast (slay +3), breathe frost, AC +6, unfitting armour, cold resistance 1,
cold-blooded, strong-willed 2
a: Breathe Frost, Begin Untransformation, Renounce Religion


You were on level 6 of the Dungeon.
You worshipped Wu Jian.
Wu Jian was noncommittal.
You were a hulking beast.
You visited 2 branches of the dungeon, and saw 7 of its levels.
You also visited: Sewer and Ossuary.

You collected 356 gold pieces.

Inventory:

Missiles
 g - 3 throwing nets
 i - 3 atropa-tipped darts
Jewellery
 e - an amulet of reflection (around neck)
 h - an amulet of magic regeneration
 r - a ring of magical power (left hand)
Talismans
 b - a beast talisman
 k - a serpent talisman
Wands
 m - a wand of paralysis (7)
 t - a wand of flame (8)
Scrolls
 p - a scroll of teleportation
 s - a scroll of enchant armour
Potions
 a - 3 potions of lignification
 c - 2 potions of enlightenment
 d - 4 potions of heal wounds
 f - 2 potions of magic
 j - 2 potions of mutation
 l - 4 potions of ambrosia
 n - a potion of brilliance
 o - a potion of curing {unknown}
 q - a potion of invisibility {unknown}


   Skills:
 + Level 6.5 Fighting
 + Level 5.5 Dodging
 + Level 6.0 Unarmed Combat
 + Level 5.6 Shapeshifting


You had 7 spell levels left.
You didn't know any spells.
Your spell library contained the following spells:

 Spells                   Type           Power      Damage    Failure   Level
 Apportation              Tloc           0%         N/A       38%         1
 Dazzling Flash           Conj/Hex       0%         N/A       77%         3
 Agony                    Necr           0%         N/A       100%        5
 Alistair's Intoxication  Tmut/Pois      0%         N/A       100%        5
 Silence                  Hex/Air        0%         N/A       100%        5


Dungeon Overview and Level Annotations

Branches:
Dungeon (6/15)             Temple (1/1) D:6           Sewer (visited)
Ossuary (visited)

Altars:
Ashenzari
Cheibriados
Dithmenos
Elyvilon
Fedhas
Gozag
Kikubaaqudgha
Makhleb
Nemelex Xobeh
Okawaru
Qazlal
Ru
Sif Muna
Trog
Uskayaw
Vehumet
Wu Jian
Xom
Yredelemnul
Zin


Innate Abilities, Weirdness & Mutations

You are a hulking beast.
Your limbs bulge with bestial killing power. (Slay +3)
You can breathe waves of freezing cold which knock back foes.
Your icy white scales are hard. (AC +6)
You cannot fit into any form of body armour.
Your flesh is cold resistant. (rC+)
You are cold-blooded and may be slowed by cold attacks.
You are highly strong-willed. (Will++)


Message History

The stone arrow hits you.
You barely miss the gargoyle.
The gargoyle is moderately damaged.
You block the gargoyle's attack.
You hit the gargoyle but do no damage.
The gargoyle is moderately damaged.
The gargoyle hits you with a +0 mace!
You hit the gargoyle but do no damage. You tail-slap the gargoyle.
The gargoyle is heavily damaged.
You hit the gargoyle.
You tail-slap the gargoyle, but do no damage.
The gargoyle is heavily damaged.
The gargoyle hurls a stone arrow at you.
The stone arrow misses you.
You hit the gargoyle but do no damage.
The gargoyle is heavily damaged.
The gargoyle hits you with a +0 mace.
You barely miss the gargoyle.
The gargoyle is heavily damaged.
You have got your breath back.
The gargoyle hurls a stone arrow at you.
The stone arrow hits you!
You hit the gargoyle but do no damage.
The gargoyle is heavily damaged.
The gargoyle barely misses you.
You fail to use your ability.
The gargoyle hits you with a +0 mace.
Okay, then.
You fail to use your ability.
The sentinel's mark upon you fades away.
The gargoyle hurls a stone arrow at you.
The stone arrow hits you!!
* * * LOW HITPOINT WARNING * * *
You are too injured to fight recklessly!
Aiming: Breathe Frost (4% risk of failure)
Press: ? - help, Shift-Dir - straight line, f/p - gargoyle
Aim: a gargoyle, wielding a +0 mace (heavily damaged, 85% to hit)
You exhale a wave of freezing cold.
The freezing breath misses the gargoyle.
The gargoyle hits you with a +0 mace!
You die...

... #. .. ...# #. .. .#..##.#.#
..)......#### ..# ..........##...
##.....!....... #....9.........
#.#....h.............#
#....................#
#.....................#
..#...........#.....>.###
#....#....#####........#
..(..##...# ........
############.[##..## ##.#....
#.~~~~~~~~~...##..# ##.......
..~~~~.~~~~......########...##...


You could see a gargoyle.

Vanquished Creatures
  An ice beast (D:6)
  A black bear (D:4)
  2 ogres
  2 kobold brigands (D:5)
  A phantom (D:5)
  3 scorpions
  5 water moccasin zombies (Ossuary)
  3 hounds
  An orc priest (D:6)
  2 jellies
  4 iguanas
  An orc wizard (D:6)
  2 mummies (Ossuary)
  11 adders
  14 gnolls (D:5)
  2 river rats (Sewer)
  3 white imps
  3 ufetubi
  4 adder zombies (Ossuary)
  4 dart slugs
  2 worms (D:2)
  5 orcs
  4 bats (D:1)
  6 endoplasms
  8 giant cockroaches
  2 gnoll zombies (Ossuary)
  9 goblins
  8 hobgoblins
  3 jackals (D:1)
  42 kobolds
  5 quokkas
  6 ball pythons
  8 frilled lizards
  2 hobgoblin zombies (Ossuary)
  7 kobold zombies (Ossuary)
  5 orc zombies (Ossuary)
  7 rats
198 creatures vanquished.

Notes
Turn   | Place    | Note
-------+----------+-------------------------------------------
     0 | D:1      | senseless the Draconian Shapeshifter began the quest for
                  | the Orb.
     0 | D:1      | Reached XP level 1. HP: 17/17 MP: 1/1
    59 | D:1      | Reached XP level 2. HP: 24/25 MP: 2/2
   664 | D:2      | Reached XP level 3. HP: 29/30 MP: 3/3
   876 | D:2      | Found a shadowy altar of Dithmenos.
  1212 | D:3      | Reached XP level 4. HP: 38/38 MP: 4/4
  1232 | D:3      | Found a shimmering altar of Xom.
  1284 | D:3      | Found a burning altar of Makhleb.
  1296 | D:3      | Found a radiant altar of Vehumet.
  1304 | D:3      | Found a glowing silver altar of Zin.
  1590 | D:3      | Found a broken altar of Ashenzari.
  1642 | D:4      | Gained mutation: You are strong-willed. (Will+) [potion of
                  | mutation]
  1642 | D:4      | Gained mutation: You are highly strong-willed. (Will++)
                  | [potion of mutation]
  1699 | D:4      | Found a sand-covered staircase.
  1740 | Ossuary  | Entered an ossuary
  1764 | Ossuary  | Reached XP level 5. HP: 41/45 MP: 5/5
  1902 | Ossuary  | Reached XP level 6. HP: 41/52 MP: 6/6
  2090 | Ossuary  | Identified the +1 ring mail of the Old World {Int+3}
  2361 | D:4      | Your scales start taking on an icy white colour.
  2361 | D:4      | Reached XP level 7. HP: 40/60 MP: 7/7
  2361 | D:4      | Gained mutation: Your flesh is cold resistant. (rC+) [White
                  | Draconian growth]
  2479 | D:4      | Found an iron altar of Okawaru.
  2619 | D:5      | Entered Level 5 of the Dungeon
  2981 | D:5      | Reached skill level 5 in Fighting
  3280 | D:5      | Reached XP level 8. HP: 66/69 MP: 8/8
  3284 | D:5      | Reached skill level 5 in Unarmed Combat
  3384 | D:5      | Reached skill level 5 in Shapeshifting
  4185 | D:6      | Reached skill level 5 in Dodging
  4195 | D:6      | Found a staircase to the Ecumenical Temple.
  4203 | Temple   | Entered the Ecumenical Temple
  4295 | Temple   | Became a worshipper of the Wu Jian Council
  4527 | D:6      | Found a glowing drain.
  4572 | Sewer    | Entered a sewer
  4796 | Sewer    | Reached * piety under Wu Jian
  5070 | D:6      | Noticed a gargoyle
  5092 | D:6      | Slain by a gargoyle

Illustrated notes

Levels and vault maps discovered:
D:1:      lemuel_arrival_cross, layout_basic
D:2:      layout_rooms, basic_altar
D:3:      layout_rooms, mainiacjoe_overflow_24_doors,
          nicolae_overflow_quartered_altars
D:4:      layout_gridville, kennysheep_okawaru_gauntlet,
          nicolae_ossuary_entry_false_entrances, hangedman_abyss_or_decor_stabs
D:5:      minmay_goblin_kobold_castle, layout_basic, corexii_checkpoint_b,
          minmay_holes
D:6:      layout_rooms, minmay_temple_entry_waves, portal_sewer_entry_f,
          minmay_microvault
Temple:   nicolae_temple_great_sept

Skill      XL: |  1  2  3  4  5  6  7  8 |
---------------+-------------------------+-----
Dodging        | 2 3 4 5 |  5.5
Fighting       | 3 4 5 6 |  6.5
Unarmed Combat | 3 4 6 |  6.0
Shapeshifting  | 4 5 |  5.6

Action                     |  1- 3 |  4- 6 |  7- 9 || total
---------------------------+-------+-------+-------++-------
  Melee: Unarmed           |   114 |   165 |   311 ||   590
         Tailslap          |    14 |    27 |    45 ||    86
         Punch             |     6 |     6 |     8 ||    20
Ability: Begin Untransform |     1 |       |       ||     1
         Breathe Frost     |       |       |    15 ||    15
         Lunge             |       |       |    11 ||    11
    Use: Scroll            |       |     7 |    10 ||    17
         Potion            |       |     1 |       ||     1
   Stab: Sleeping          |     1 |     1 |     1 ||     3
 Armour: Skin              |    23 |    44 |    68 ||   135
  Dodge: Dodged            |    55 |   109 |   224 ||   388
  Block: Other             |       |       |    84 ||    84
         Reflection        |       |       |     2 ||     2
   Form: Beast             |     1 |       |       ||     1

Table legend: (Time is in decaauts)
 A = Elapsed time spent in this place.
 B = Non-inter-level travel time spent in this place.
 C = Inter-level travel time spent in this place.
 D = Time resting spent in this place.
 E = Time spent auto-exploring this place.
 F = Levels seen in this place.
 G = Mean time per level.
                   A        B        C        D        E       F      G
               +--------+--------+--------+--------+--------+-----+--------+
         Total |   5118 |   4944 |    174 |     24 |   3719 |   9 |  568.7 |
       Dungeon |   4251 |   4103 |    148 |     24 |   3152 |   6 |  708.5 |
        Temple |    102 |     76 |     26 |      0 |     64 |   1 |  102.0 |
         Sewer |    415 |    415 |      0 |      0 |    293 |   1 |  415.0 |
       Ossuary |    350 |    350 |      0 |      0 |    210 |   1 |  350.0 |
               +--------+--------+--------+--------+--------+-----+--------+

Top non-repeatable levels by time:
     D:5: 1522 daAuts
     D:1: 652 daAuts
     D:4: 621 daAuts
     D:2: 540 daAuts
     D:6: 470 daAuts
     D:3: 444 daAuts
   Sewer: 415 daAuts
 Ossuary: 350 daAuts
  Temple: 102 daAuts
